 Dungeon Sprint DCSS version 0.29.1-12-g30fa7ad0bf (webtiles) character file.

Game seed: 11967640501724774701

161 Groucho the Trooper (level 5, -8/36 HPs)
             Began as a Gargoyle Fighter on Dec 17, 2022.
             Was a Follower of Qazlal.
             Killed from afar by a deep elf pyromancer (19 damage)
             ... with a bolt of fire
             ... in the Dungeon (Sprint V: "Ziggurat Sprint").
             The game lasted 00:05:08 (447 turns).

Groucho the Trooper (Gargoyle Fighter)               Turns: 447, Time: 00:05:10

Health: -8/36      AC: 31    Str: 19    XL:     5   Next: 42%
Magic:  8/8        EV:  0    Int:  9    God:    Qazlal [*.....]
Gold:   0          SH: 29    Dex: 11    Spells: 4/4 levels left

rFire   . . .      SeeInvis .   C - +6 shillelagh "Devastator" {shatter}
rCold   . . .      Faith    .   E - +18 shield of the Gong {rElec rN+ Will+ EV-5}
rNeg    + + .      Spirit   .   D - +15 Maxwell's patent armour {-Cast -Tele rElec Will+ rCorr}
rPois   ∞          Reflect  .   (no helmet)
rElec   +          Harm     .   (no cloak)
rCorr   +          Rampage  .   (no gloves)
Will    ++...      NoTele   +   (no boots)
Stlth   .......... NoCast   +   (no amulet)
HPRegen 0.12/turn               (no ring)
MPRegen 0.11/turn               (no ring)

@: no status effects
A: sickness immunity, AC +4, negative energy resistance 1, electricity
resistance, torment resistance 1, petrification resistance
a: Renounce Religion


You were in the Dungeon.
You worshipped Qazlal.
Qazlal was aware of your devotion.
You visited 1 branch

Inventory:

Hand Weapons
 C - the +6 shillelagh "Devastator" (weapon) {shatter}
   (You found it in the Dungeon)

   It releases a powerful concussive burst when it strikes, dealing extra damage
   to the target and all other foes adjacent to them.
Armour
 D - the +15 Maxwell's patent armour (worn) {-Cast -Tele rElec Will+ rCorr}
   (You found it in the Dungeon)

   rElec:     It insulates you from electricity.
   -Cast:     It prevents spellcasting.
   -Tele:     It prevents most forms of teleportation.
   rCorr:     It protects you from acid and corrosion.
   Will:      It increases your willpower.
 E - the +18 shield of the Gong (worn) {rElec rN+ Will+ EV-5}
   (You found it in the Dungeon)

   It is deafeningly noisy when blocking attacks.
   EV:        It affects your evasion (-5).
   rElec:     It insulates you from electricity.
   rN:        It protects you from negative energy.
   Will:      It increases your willpower.
Jewellery
 s - a ring of flight
 t - a +6 ring of dexterity
 u - a +6 ring of dexterity
 v - a +6 ring of intelligence
 w - a +6 ring of intelligence
 x - a +6 ring of strength
 y - a +6 ring of strength
Wands
 z - a wand of mindburst (7)
 A - a wand of iceblast (7)
 B - a wand of acid (7)
Scrolls
 j - 4 scrolls of blinking
 o - 4 scrolls of amnesia
 p - 7 scrolls of butterflies
 q - 5 scrolls of identify
 r - 2 scrolls of fear
Potions
 d - 6 potions of might
 e - 10 potions of curing
 f - 9 potions of heal wounds
 g - 6 potions of haste
 h - 7 potions of magic
 i - 3 potions of berserk rage
 k - 2 potions of brilliance
 l - 2 potions of invisibility
 m - 4 potions of resistance
 n - a potion of experience


   Skills:
 + Level 6.1 Fighting
 + Level 5.0 Maces & Flails
 + Level 6.1 Armour
 + Level 6.1 Shields
 + Level 4.9 Invocations


You had 4 spell levels left.
You didn't know any spells.
Your spell library was empty.

Dungeon Overview and Level Annotations

Branches:
Dungeon (1/1)

Altars:
Ashenzari
Cheibriados
Dithmenos
Elyvilon
Fedhas
Gozag
Hepliaklqana
Kikubaaqudgha
Makhleb
Nemelex Xobeh
Okawaru
Qazlal
Ru
Sif Muna
Trog
Uskayaw
Vehumet
Wu Jian
Xom
Yredelemnul
Zin
The Shining One
Jiyva
Lugonu

Annotations:
D 1 transporter


Innate Abilities, Weirdness & Mutations

You are immune to sickness and miasma.
Your stone body is resilient. (AC +4)
You are immune to poison.
You resist negative energy. (rN+)
You are resistant to electric shocks. (rElec)
You are resistant to unholy torment.
You are immune to petrification.


Message History

The bolt of lightning hits you! You resist. The bolt of lightning hits you.
You resist.
You block the deep elf pyromancer's attack.
GONNNNG!
The fire elemental hits you. The fire elemental burns you!
The +5 halberd hits you but does no damage.
Unknown command.
Unknown command.
You hit the +5 halberd.
There is a shattering impact!
The fire elemental is lightly damaged.
The deep elf zephyrmancer is heavily wounded.
The deep elf pyromancer is almost dead.
The fire elemental is lightly damaged.
The +5 halberd is moderately damaged.
You block the fire elemental's attack.
SHROANNG!
The +5 halberd hits you but does no damage.
The deep elf zephyrmancer hits you but does no damage.
You block the deep elf pyromancer's attack.
PANG!
You block the fire elemental's attack.
GONNNNG!
You block the +5 halberd's attack.
SHROANNG!
Unknown command.
Unknown command.
Unknown command.
You closely miss the +5 halberd.
The +5 halberd is moderately damaged.
The deep elf zephyrmancer mumbles some strange words.
The deep elf zephyrmancer blinks!
The deep elf pyromancer hits you but does no damage.
You block the +5 halberd's attack.
GONNNNG!
You block the fire elemental's attack.
PTOANNNG!
The deep elf pyromancer casts a spell at you.
The bolt of fire hits you!!
Ouch! That really hurt!
You die...

▓▓▓▓▓▓▓▓▓▓▓▓▓
▓.8©8.▓.8©8.▓
▓.[)).▓.....▓
▓...e.▓.[.[.▓
▓..E°.▓.....▓
▓.E(e.▓.....▓
▓.§@..▓..©..▓
▓..©..▓▓▓▓▓▓▓
▓▓▓▓▓▓▓


You could see a deep elf pyromancer, a deep elf zephyrmancer, 2 fire elementals
and a +5 halberd.

Vanquished Creatures
  A golden eye (D)
  A crimson imp (D)
2 creatures vanquished.

Notes
Turn   | Place    | Note
-------+----------+-------------------------------------------
     0 | D        | Groucho the Gargoyle Fighter began the quest for the Orb.
     0 | D        | Reached XP level 1. HP: 14/14 MP: 1/1
     0 | D        | Found a shimmering blue altar of Sif Muna.
     0 | D        | Found a bloodstained altar of Trog.
     0 | D        | Found a sacrificial altar of Ru.
     0 | D        | Found a stormy altar of Qazlal.
     0 | D        | Found an iron altar of Okawaru.
     1 | D        | Found a sparkling altar of Nemelex Xobeh.
     1 | D        | Found a blossoming altar of Fedhas.
     1 | D        | Found the +6 Majin-Bo {vamp, MP+6 Int+6}
     1 | D        | Found the +9 heavy crossbow "Sniper" {vorpal, Acc+∞ SInv}
     1 | D        | Found the +10 dark maul {vorpal}
     1 | D        | Found the +15 Maxwell's patent armour {-Cast -Tele rElec
                  | Will+ rCorr}
     1 | D        | Found the +18 shield of the Gong {rElec rN+ Will+ EV-5}
     1 | D        | Found the +14 obsidian axe {vorpal, Mesm Drain Fly SInv}
     1 | D        | Found the +7 great mace "Firestarter" {inner flame, rF++}
     1 | D        | Found the +6 shillelagh "Devastator" {shatter}
     1 | D        | Found the +11 plutonium sword {Contam Stlth-}
     1 | D        | Found the +8 lance "Wyrmbane" {slay drac, rPois rF+ rC+
                  | AC+3}
     1 | D        | Found the +9 sword of Zonguldrok {reap}
     1 | D        | Found the +13 scythe of Curses {drain, Drain}
     1 | D        | Found the +5 sword of Power {vorpal}
     1 | D        | Found the +7 mace of Variability {chain chaos}
     1 | D        | Found the +7 Singing Sword {vorpal, sonic wave}
     1 | D        | Found the +8 storm bow {elec, penet}
     3 | D        | Found a transporter.
     3 | D        | Found an ancient bone altar of Kikubaaqudgha.
     3 | D        | Found a viscous altar of Jiyva.
     3 | D        | Found a corrupted altar of Lugonu.
     3 | D        | Found a hazy altar of Hepliaklqana.
     3 | D        | Found a burning altar of Makhleb.
     3 | D        | Found an opulent altar of Gozag.
   104 | D        | Became a worshipper of Qazlal Stormbringer
   117 | D        | Entered arena 2.
   117 | D        | Noticed a golden eye
   117 | D        | Noticed a crimson imp
   117 | D        | Found a transporter.
   120 | D        | Killed a golden eye
   121 | D        | Reached skill level 5 in Fighting
   121 | D        | Reached skill level 5 in Armour
   121 | D        | Reached skill level 5 in Shields
   121 | D        | Reached XP level 2. HP: 22/22 MP: 1/5
   121 | D        | Reached XP level 3. HP: 27/27 MP: 1/6
   121 | D        | Reached XP level 4. HP: 32/32 MP: 1/7
   121 | D        | Reached XP level 5. HP: 36/36 MP: 1/8
   122 | D        | Reached * piety under Qazlal
   123 | D        | Reached skill level 5 in Maces & Flails
   437 | D        | Entered arena 3.
   437 | D        | Noticed a deep elf zephyrmancer
   437 | D        | Noticed a +5 halberd
   437 | D        | Noticed a deep elf pyromancer
   437 | D        | Found a transporter.
   445 | D        | Noticed a fire elemental
   445 | D        | Noticed a fire elemental
   447 | D        | Killed from afar by a deep elf pyromancer

Illustrated notes

Levels and vault maps discovered:
D:        sprint_v [room_start, room_1, room_2, room_3, room_4, room_5, room_6,
          room_7, room_8, room_9, room_10, room_11, room_12, room_13, room_14,
          room_15, room_16, room_17, room_18, room_19, room_20, room_21,
          room_22, room_23, room_24, room_25, room_26, room_27]

Skill      XL: |  1  2  3  4  5 |
---------------+----------------+-----
Fighting       | 5 6 |  6.1
Maces & Flails | 4 5 |  5.0
Armour         | 5 6 |  6.1
Shields        | 5 6 |  6.1
Invocations    | 4 |  4.9

Action                   |  1- 3 |  4- 6 || total
-------------------------+-------+-------++-------
Melee: Shillelagh        |     2 |     8 ||    10
  Use: Potion            |       |     1 ||     1
Armor: Plate armour      |       |     9 ||     9
Block: Kite shield       |     2 |    17 ||    19
